 Dungeon Crawl Stone Soup version 0.16.2-12-gd0ad4c3 (webtiles) character file.

22066 Kira the Unseen (level 12, -29/64 HPs)
             Began as a Spriggan Enchanter on Oct 23, 2015.
             Was an Elder of Nemelex Xobeh.
             Hit by a large rock thrown by a stone giant (39 damage)
             ... on level 3 of the Orcish Mines.
             The game lasted 02:11:40 (18434 turns).

Kira the Unseen (Spriggan Enchanter)               Turns: 18434, Time: 02:11:40

Health: -29/64     AC:  4    Str:  4    XL:     12   Next: 59%
Magic:  24/33      EV: 23    Int: 20    God:    Nemelex Xobeh [****..]
Gold:   1506       SH:  0    Dex: 18    Spells: 6 memorised, 12 levels left

rFire  . . .     SeeInvis +     a - +1 dagger (flame)
rCold  . . .     Clarity  .     b - +1 robe
rNeg   + . .     SustAb   .     (shield restricted)
rPois  .         Gourm    .     (helmet restricted)
rElec  .         Spirit   .     S - +0 cloak
rCorr  .         Warding  +     (gloves unavailable)
rMut   .         Stasis   .     (boots unavailable)
MR     ++...                    Q - amulet of warding
Stlth  ++++++++..               M - ring of flight (curse)
                                x - ring of wizardry

@: very quick, very resistant to hostile enchantments, extraordinarily stealthy
A: unfitting armour, see invisible, herbivore 3, speed 3, slow metabolism 2
a: Triple Draw, Deal Four, Renounce Religion, Evoke Flight


You were on level 3 of the Orcish Mines.
You worshipped Nemelex Xobeh.
Nemelex Xobeh was greatly pleased with you.
You were not hungry.

You visited 4 branches of the dungeon, and saw 18 of its levels.

You collected 1548 gold pieces.
You spent 42 gold pieces at shops.

Inventory:

Hand weapons
 a - a +1 dagger of flaming (weapon)
Armour
 b - a +1 robe (worn)
 S - a +0 cloak (worn)
Jewellery
 x - a ring of wizardry (left hand)
 M - a cursed ring of flight (right hand)
 Q - an amulet of warding (around neck)
Magical devices
 C - a wand of invisibility (1)
 D - a wand of confusion (27)
 E - a wand of frost (26)
 O - a wand of draining (4)
 Y - a wand of flame (27)
Scrolls
 g - 8 scrolls of teleportation {unknown}
 h - 7 scrolls of fear {unknown}
 k - 17 scrolls of identify
 l - 2 scrolls of immolation {unknown}
 m - 3 scrolls of blinking {unknown}
 p - 11 scrolls of remove curse
 u - 3 scrolls of fog {unknown}
 H - 3 scrolls of enchant weapon {unknown}
 R - 5 scrolls of enchant armour {unknown}
Potions
 e - a potion of agility {unknown}
 f - 18 potions of curing
 i - 4 potions of mutation {unknown}
 j - a potion of cure mutation {unknown}
 o - 2 potions of restore abilities {unknown}
 v - 5 potions of brilliance {unknown}
 z - 2 potions of invisibility {unknown}
 A - 3 potions of poison {unknown}
 B - 4 potions of haste {unknown}
 P - 3 potions of heal wounds {unknown}
Miscellaneous
 c - a plain deck of escape
 n - a plain deck of escape
 q - a legendary deck of destruction
 r - a legendary deck of war
 s - a plain deck of war
 K - a plain deck of war {drawn: 1}
 W - a plain deck of war
 X - an ornate deck of defence {the Tomb}
 Z - a plain deck of defence
Comestibles
 d - 3 bread rations


   Skills:
 * Level 7.8 Fighting
 + Level 4.4 Short Blades
 + Level 7.0 Dodging
 + Level 16.0 Stealth
 + Level 10.3 Spellcasting
 + Level 10.9 Hexes
 + Level 1.1 Charms
 + Level 4.2 Ice Magic
 * Level 9.6 Evocations


You had 12 spell levels left.
You knew the following spells:

 Your Spells              Type           Power        Failure   Level  Hunger
a - Corona                Hex            ######.      1%          1    None
b - Ensorcelled Hibernat  Hex/Ice        #####.       1%          2    None
c - Confuse               Hex            ######..     1%          3    None
d - Ozocubu's Armour      Chrm/Ice       ###.....     4%          3    None
e - Condensation Shield   Ice            ####......   6%          4    ##.....
f - Mass Confusion        Hex            ######....   4%          6    ######.


Dungeon Overview and Level Annotations

Branches:
Dungeon (12/15)            Temple (1/1) D:5            Lair (1/8) D:8
    Orc (4/4) D:12            Elf (0/3) Orc:3

Altars:
Ashenzari
Dithmenos
Elyvilon
Fedhas
Gozag
Makhleb
Nemelex Xobeh
Okawaru
Qazlal
Ru
Sif Muna
Trog
Vehumet
Xom
Yredelemnul
Zin
The Shining One
Beogh
Jiyva

Shops:
Orc:2 *


Innate Abilities, Weirdness & Mutations

You are tiny and cannot use many weapons and most armour.
You have supernaturally acute eyesight.
You are a herbivore.
You cover ground extremely quickly.
You need consume almost no food.


Message History

Aiming: Ensorcelled Hibernation
Press: ? - help, Shift-Dir - straight line, f - stone giant
Aim: a stone giant (hasn't noticed you, chance 18%)
The stone giant resists with almost no effort.
The stone giant throws a large rock.
The large rock hits you!!!
Ouch! That really hurt!
* * * LOW HITPOINT WARNING * * *
Casting: Ensorcelled Hibernation
Confirm with . or Enter, or press ? or * to list all spells.
Aiming: Ensorcelled Hibernation
Press: ? - help, Shift-Dir - straight line, f/p - stone giant
Aim: a stone giant (chance 18%)
Okay, then.
The stone giant throws a large rock.
The large rock misses you.
There is a stone staircase leading down here.
There is a stone staircase leading up here.
The stone giant throws a large rock.
The large rock hits you!!!
Ouch! That really hurt!
You die...
Your body glows with a rainbow of weird colours and disappears.

# ##................#.##..... ##
#)...^...............##.... .#
####.).......#........###..[. ##
##.##..##..#...........###...#
.###......##.............#.#.....
..###.##.##....#.................
.########.#.........[.>#.#.#....#
..##.###.......(.........##......
.#.....##.#....>@[........#..##..
........##.#..([#.............#..
<...............#...#............
.#.........).......##.........#..
.......[...#....#........>)..)#[.
.....#.....C...###......[....[<).
..^........#.##.#..............).
..........................(......
...#...._....#..#................


You could see a stone giant.

Vanquished Creatures
  A hydra (D:12)
  An orc high priest (Orc:4)
  Erolcha (Orc:1)
  Pikel (D:7)
  3 hill giants
  An orc knight (Orc:1)
  A wolf spider zombie (D:12)
  2 ugly things
  2 cyclopes (D:11)
  A fire drake (D:8)
  A kobold demonologist (D:11)
  Grinder (D:3)
  Prince Ribbit (D:8)
  2 two-headed ogres
  5 trolls
  A shadow (D:11)
  2 wyverns
  3 wolves (D:12)
  A hungry ghost (D:11)
  6 yaks (D:11)
  Grum (D:12)
  4 wargs
  4 vampire mosquitoes (D:12)
  Edmund (D:4)
  3 sky beasts
  28 orc warriors
  A soldier ant (D:10)
  2 necrophages (D:9)
  15 ogres
  A black bear (D:11)
  7 centaurs
  9 ice beasts
  2 phantoms
  A gnoll sergeant (D:5)
  8 giant frogs
  2 wyvern skeletons
  7 scorpions
  9 crimson imps
  11 wights
  23 orc priests
  5 centaur skeletons
  5 iguanas
  7 jellies
  9 worker ants
  Natasha (thrice) (D:5)
  16 orc wizards
  A killer bee zombie (D:10)
  9 gnolls
  17 adders
  A giant mite (D:2)
  3 giant geckos
  6 oozes
  175 orcs
  18 bats
  A bat zombie (D:7)
  6 giant cockroaches
  14 goblins
  19 hobgoblins
  10 jackals
  16 kobolds
  6 quokkas
  2 ball pythons
  A ball python skeleton (D:6)
  8 giant newts
  A giant spore (D:12)
  14 rats
  10 ballistomycetes
559 creatures vanquished.

Vanquished Creatures (collateral kills)
  2 ravens (D:8)
2 creatures vanquished.

Vanquished Creatures (others)
  An orc (D:7)
  A bat zombie (D:7)
  2 giant spores
4 creatures vanquished.

Grand Total: 565 creatures vanquished

Notes
Turn   | Place    | Note
--------------------------------------------------------------
     0 | D:1      | Kira, the Spriggan Enchanter, began the quest for the Orb.
     0 | D:1      | Reached XP level 1. HP: 9/9 MP: 4/4
   194 | D:1      | Reached XP level 2. HP: 13/13 MP: 5/7
   332 | D:1      | Learned a level 2 spell: Ensorcelled Hibernation
   686 | D:1      | Reached skill level 5 in Stealth
   788 | D:2      | Reached XP level 3. HP: 16/16 MP: 9/9
  1101 | D:2      | Reached XP level 4. HP: 14/21 MP: 3/13
  1899 | D:2      | Reached XP level 5. HP: 25/25 MP: 16/16
  2039 | D:3      | Reached skill level 1 in Fighting
  2147 | D:3      | Noticed Grinder
  2151 | D:3      | Paralysed by Grinder for 2 turns
  2169 | D:3      | Learned a level 3 spell: Confuse
  2342 | D:3      | Found a blossoming altar of Fedhas.
  2518 | D:3      | Killed Grinder
  2518 | D:3      | Reached skill level 6 in Stealth
  2518 | D:3      | Reached skill level 5 in Hexes
  2518 | D:3      | Reached XP level 6. HP: 20/30 MP: 4/20
  2694 | D:4      | Found a shattered altar of Ashenzari.
  2926 | D:4      | Found an iron altar of Okawaru.
  2937 | D:4      | Noticed Edmund
  2963 | D:4      | Killed Edmund
  2963 | D:4      | Reached skill level 5 in Dodging
  2963 | D:4      | Reached skill level 7 in Stealth
  2963 | D:4      | Reached XP level 7. HP: 28/35 MP: 16/21
  3345 | D:5      | Entered Level 5 of the Dungeon
  3510 | D:5      | Found a sacrificial altar of Ru.
  3570 | D:5      | Reached skill level 8 in Stealth
  3608 | D:5      | Noticed Natasha
  3614 | D:5      | Killed Natasha
  4074 | D:5      | Noticed Natasha
  4082 | D:5      | Killed Natasha
  4086 | D:5      | Reached skill level 5 in Spellcasting
  4129 | D:5      | Reached XP level 8. HP: 33/40 MP: 10/24
  4183 | D:5      | Found a staircase to the Ecumenical Temple.
  4194 | Temple   | Entered the Ecumenical Temple
  4316 | D:5      | Noticed Natasha
  4321 | D:5      | Killed Natasha
  4511 | D:6      | Learned a level 3 spell: Ozocubu's Armour
  4617 | D:6      | Reached skill level 9 in Stealth
  4755 | D:6      | Found a glowing golden altar of the Shining One.
  4811 | D:6      | Reached skill level 1 in Ice Magic
  4883 | D:6      | Learned a level 4 spell: Condensation Shield
  4888 | D:6      | Found a white marble altar of Elyvilon.
  5454 | D:6      | Reached XP level 9. HP: 45/45 MP: 24/27
  5464 | D:6      | Reached skill level 10 in Stealth
  5918 | D:7      | Found a stormy altar of Qazlal.
  5918 | D:7      | Found a bloodstained altar of Trog.
  6177 | D:7      | Found a sparkling altar of Nemelex Xobeh.
  6189 | D:7      | Became a worshipper of Nemelex Xobeh the Trickster
  6203 | D:7      | Received a gift from Nemelex Xobeh
  6211 | D:7      | Noticed Pikel
  6540 | D:7      | Found a burning altar of Makhleb.
  6544 | D:7      | Reached skill level 1 in Evocations
  6643 | D:7      | Reached skill level 11 in Stealth
  6735 | D:7      | Killed Pikel
  7038 | D:8      | Noticed Prince Ribbit
  7041 | D:8      | Killed Prince Ribbit
  7616 | D:8      | Found a staircase to the Lair.
  7616 | D:8      | Noticed a fire drake
  7628 | D:8      | Killed a fire drake
  7628 | D:8      | Reached skill level 5 in Fighting
  7784 | D:8      | Reached XP level 10. HP: 51/51 MP: 20/29
  8876 | D:9      | Reached skill level 12 in Stealth
  9028 | D:9      | Reached skill level 5 in Evocations
  9853 | D:10     | Entered Level 10 of the Dungeon
 10163 | D:10     | Received a gift from Nemelex Xobeh
 10281 | D:10     | Reached skill level 13 in Stealth
 10795 | D:11     | Learned a level 6 spell: Mass Confusion
 10951 | D:11     | Noticed a green ugly thing
 10964 | D:11     | Killed a green ugly thing
 10964 | D:11     | Reached XP level 11. HP: 43/56 MP: 16/31
 10980 | D:11     | Noticed a hill giant
 10988 | D:11     | Killed a hill giant
 11002 | D:11     | Noticed a cyclops
 11437 | D:11     | Killed a cyclops
 11883 | D:12     | Noticed Grum
 11968 | D:12     | Killed Grum
 11968 | D:12     | Reached skill level 14 in Stealth
 12154 | D:12     | Acquired Nemelex Xobeh's first power
 12159 | D:12     | Received a gift from Nemelex Xobeh
 12402 | D:12     | Found a staircase to the Orcish Mines.
 12550 | D:12     | Reached skill level 10 in Hexes
 12770 | D:12     | Noticed a hill giant
 12801 | D:12     | Killed a hill giant
 12820 | D:12     | Noticed a hill giant
 12845 | D:12     | Killed a hill giant
 13046 | D:12     | Acquired Nemelex Xobeh's second power
 13046 | D:12     | Received a gift from Nemelex Xobeh
 13154 | D:12     | Noticed an eight-headed hydra
 13269 | D:11     | Reached skill level 15 in Stealth
 13488 | Lair:1   | Entered Level 1 of the Lair of Beasts
 13605 | D:8      | Reached XP level 12. HP: 61/63 MP: 32/32
 13858 | D:12     | Killed an eight-headed hydra
 14079 | Orc:1    | Entered Level 1 of the Orcish Mines
 14159 | Orc:1    | Noticed Erolcha
 14167 | Orc:1    | Killed Erolcha
 14174 | Orc:1    | Received a gift from Nemelex Xobeh
 14835 | Orc:2    | Found Guaneun's General Store.
 14847 | Orc:2    | Bought a scroll of remove curse for 42 gold pieces
 15163 | Orc:2    | Found a roughly hewn altar of Beogh.
 15296 | Orc:3    | Received a gift from Nemelex Xobeh
 15453 | Orc:3    | Found a staircase to the Elven Halls.
 15822 | Orc:3    | Found a bloodstained altar of Trog.
 16178 | Orc:2    | Received a gift from Nemelex Xobeh
 16443 | Orc:4    | Entered Level 4 of the Orcish Mines
 16451 | Orc:4    | Reached skill level 10 in Spellcasting
 17278 | Orc:4    | Received a gift from Nemelex Xobeh
 17888 | Orc:4    | Reached skill level 1 in Charms
 17918 | Orc:4    | Reached skill level 16 in Stealth
 18416 | Orc:3    | Noticed a stone giant
 18434 | Orc:3    | Hit by a large rock thrown by a stone giant

Action                   |  1- 3 |  4- 6 |  7- 9 | 10-12 || total
-------------------------+-------+-------+-------+-------++-------
Melee: Dagger            |    79 |       |       |   301 ||   380
       Short sword       |    49 |   155 |   275 |   500 ||   979
 Cast: Corona            |    11 |     9 |     3 |     8 ||    31
       Ensorcelled Hiber |     7 |    31 |   123 |   352 ||   513
       Confuse           |       |     5 |    21 |    66 ||    92
       Ozocubu's Armour  |       |       |     1 |    17 ||    18
       Mass Confusion    |       |       |       |    20 ||    20
       Condensation Shie |       |       |       |     3 ||     3
Evoke: Deck              |       |       |     1 |       ||     1
       Wand              |       |       |       |     2 ||     2
  Use: Potion            |     1 |       |       |       ||     1
       Scroll            |       |       |       |     1 ||     1
 Stab: Sleeping          |     9 |    31 |    85 |   243 ||   368
       Confused          |       |     4 |    14 |    73 ||    91
       Invisible         |       |       |       |     3 ||     3
  Eat: Bread ration      |       |     1 |       |     3 ||     4
       Pizza             |       |       |     1 |     1 ||     2
